 Dungeon Crawl Stone Soup version 0.28.0-45-g0d030f2227 (webtiles) character file.

Game seed: 18143757142121346837

708 DearestLeader the Shield-Bearer (level 7, -2/60 HPs)
             Began as a Gnoll Fighter on Mar 31, 2022.
             Slain by an orc
             ... wielding a +0 trident
              (5 damage)
             ... on level 4 of the Dungeon.
             The game lasted 00:05:26 (3647 turns).

DearestLeader the Shield-Bearer (Gnoll Fighter)     Turns: 3647, Time: 00:05:27

Health: -2/60      AC: 10    Str: 17    XL:     7   Next: 67%
Magic:  10/10      EV: 10    Int:  7    God:
Gold:   129        SH:  5    Dex: 12    Spells: 9/11 levels left

rFire   + . .      SeeInvis .   u - +1 mace (protect)
rCold   . . .      Faith    .   c - +0 buckler
rNeg    . . .      Spirit   .   b - +0 scale mail
rPois   .          Reflect  .   p - +0 helmet
rElec   .          Harm     .   (no cloak)
rCorr   .          Rampage  .   (no gloves)
Will    .....                   e - +0 pair of boots
Stlth   +.........              (no amulet)
HPRegen 0.20/turn               v - ring of protection from fire
MPRegen 0.12/turn               (no ring)

@: no status effects
A: fangs 1, strong nose, distributed training
a: no special abilities


You were on level 4 of the Dungeon.
You visited 1 branch of the dungeon, and saw 4 of its levels.

You collected 129 gold pieces.

Inventory:

Hand Weapons
 a - a +0 war axe
 f - a +0 whip of freezing
 u - a +1 mace of protection (weapon)
Missiles
 t - 4 poisoned darts (quivered)
Armour
 b - a +0 scale mail (worn)
 c - a +0 buckler (worn)
 e - a +0 pair of boots (worn)
 l - a +0 plate armour
 p - a +0 helmet (worn)
Jewellery
 v - a ring of protection from fire (left hand)
Wands
 q - a wand of flame (22)
Scrolls
 d - 2 scrolls of magic mapping {unknown}
 g - a scroll of amnesia {unknown}
 o - a scroll of fear {unknown}
 r - 3 scrolls of identify
 s - a scroll of enchant weapon {unknown}
 w - a scroll of fog {unknown}
Potions
 h - 2 potions of lignification
 i - 2 potions of curing
 j - a potion of ambrosia {unknown}
 k - a potion of attraction {unknown}
 m - a potion of magic
 n - a potion of heal wounds {unknown}


   Skills:
 + Level 7.1 Fighting
 + Level 2.6 Short Blades
 + Level 2.6 Long Blades
 + Level 5.3 Axes
 + Level 2.6 Maces & Flails
 + Level 2.6 Polearms
 + Level 2.6 Staves
 + Level 2.6 Slings
 + Level 2.6 Bows
 + Level 2.6 Crossbows
 + Level 2.6 Throwing
 + Level 7.1 Armour
 + Level 2.6 Dodging
 + Level 2.6 Stealth
 + Level 7.1 Shields
 + Level 2.6 Unarmed Combat
 + Level 2.6 Spellcasting
 + Level 2.1 Conjurations
 + Level 2.1 Hexes
 + Level 2.1 Summonings
 + Level 2.1 Necromancy
 + Level 2.1 Translocations
 + Level 2.1 Transmutations
 + Level 2.1 Fire Magic
 + Level 2.1 Ice Magic
 + Level 2.1 Air Magic
 + Level 2.1 Earth Magic
 + Level 2.1 Poison Magic
 + Level 2.9 Invocations
 + Level 2.6 Evocations


You had 9 spell levels left.
You knew the following spells:

 Your Spells              Type           Power      Damage    Failure   Level
a - Animate Skeleton      Necr           6%         N/A       50%         1
b - Pain                  Necr           12%        1d4       50%         1

Your spell library contained the following spells:

 Spells                   Type           Power      Damage    Failure   Level


Dungeon Overview and Level Annotations

Branches:
Dungeon (4/15)
 Temple: D:4-7

Altars:

Annotations:
D:4 2 transporters, Faeu's ghost, amateur MiFi


Innate Abilities, Weirdness & Mutations

You have very sharp teeth.
Your uncanny sense of smell can sniff out nearby items.
Your experience applies equally to all skills.


Message History

You start resting.
Your transformation is almost over.
You feel less wooden.
Your +0 helmet unmelds from your body.
Your +0 pair of boots unmelds from your body.
Your +0 scale mail unmelds from your body.
You start resting.
HP restored.
There is a stone staircase leading down, spattered with blood here.
Things that are here:
a +0 whip of freezing; a +0 robe
f - a +0 whip of freezing You climb downwards.
Level annotation: 2 transporters, Faeu's ghost, amateur MiFi The quokka bites you. x2
There is a stone staircase leading up here.
You hit the quokka.
Your weapon exudes an aura of protection.
The quokka is moderately wounded.
The quokka closely misses you.
You hit the quokka. You bite the quokka.
You kill the quokka!
No target in view!
HP restored.
An orc comes into view.
It is wielding a +0 trident and carrying a wand of acid (7).
The orc shouts!
You hear a shout!
Found a robe.
The orc closely misses you.
You closely miss the orc.
The orc zaps a wand.
The bolt of acid hits you!!
You barely miss the orc.
The orc zaps a wand.
The bolt of acid hits you!!
Ouch! That really hurt!
* * * LOW HITPOINT WARNING * * *
The orc barely misses you.
You are too injured to fight recklessly!
You are too injured to fight recklessly!
You closely miss the orc. The orc barely misses you.
A jelly comes into view.
You barely miss the orc.
The jelly quivers.
The orc hits you with a +0 trident.
You die...

#..........##..
#...#####..##..
#.#.#.#....##..
#.#...#.#..##.. #####
#.....#....##^.
#....#######..#######..
##......#####.......##..
........................
#.#...@######.####.##.#
#...o# #..# #.##.#
#$...# ##.###.....
.J..... #........#
......... ##.#####.#
#......... #..<..#.#
.#......[. #.....#.#
#..####### #######.#
#..#


You could see a jelly and an orc.

Vanquished Creatures
  Pikel (D:3)
  A scorpion (D:4)
  A bullfrog skeleton (D:3)
  Jessica (D:3)
  5 adders
  4 gnolls (D:2)
  2 dart slugs
  An orc (D:4)
  6 endoplasms
  2 giant cockroaches
  7 hobgoblins
  2 jackals (D:2)
  5 quokkas
  12 ball pythons
  3 bats
  3 frilled lizards
  4 goblins (D:1)
  12 kobolds
  4 rats
76 creatures vanquished.

Notes
Turn   | Place    | Note
-------+----------+-------------------------------------------
     0 | D:1      | DearestLeader the Gnoll Fighter began the quest for the
                  | Orb.
     0 | D:1      | Reached XP level 1. HP: 23/23 MP: 1/1
     8 | D:1      | Found a faded altar of an unknown god.
   249 | D:1      | Reached XP level 2. HP: 29/29 MP: 2/2
   505 | D:1      | Reached XP level 3. HP: 35/35 MP: 3/3
  1228 | D:2      | Reached skill level 1 in Invocations
  1327 | D:2      | Reached skill level 1 in Short Blades
  1327 | D:2      | Reached skill level 1 in Long Blades
  1327 | D:2      | Reached skill level 1 in Maces & Flails
  1327 | D:2      | Reached skill level 1 in Polearms
  1327 | D:2      | Reached skill level 1 in Staves
  1327 | D:2      | Reached skill level 1 in Slings
  1327 | D:2      | Reached skill level 1 in Bows
  1327 | D:2      | Reached skill level 1 in Crossbows
  1327 | D:2      | Reached skill level 1 in Throwing
  1327 | D:2      | Reached skill level 1 in Dodging
  1327 | D:2      | Reached skill level 1 in Stealth
  1327 | D:2      | Reached skill level 1 in Unarmed Combat
  1327 | D:2      | Reached skill level 1 in Spellcasting
  1327 | D:2      | Reached skill level 1 in Evocations
  1329 | D:2      | Reached XP level 4. HP: 29/41 MP: 5/5
  1398 | D:2      | Reached skill level 1 in Conjurations
  1398 | D:2      | Reached skill level 1 in Hexes
  1398 | D:2      | Reached skill level 1 in Summonings
  1398 | D:2      | Reached skill level 1 in Necromancy
  1398 | D:2      | Reached skill level 1 in Translocations
  1398 | D:2      | Reached skill level 1 in Transmutations
  1398 | D:2      | Reached skill level 1 in Fire Magic
  1398 | D:2      | Reached skill level 1 in Ice Magic
  1398 | D:2      | Reached skill level 1 in Air Magic
  1398 | D:2      | Reached skill level 1 in Earth Magic
  1398 | D:2      | Reached skill level 1 in Poison Magic
  2060 | D:3      | Reached XP level 5. HP: 47/47 MP: 6/6
  2499 | D:3      | Noticed Jessica
  2502 | D:3      | Killed Jessica
  2518 | D:3      | Got Jessica's Incunabulum of Unholy Magic
  2521 | D:3      | Learned a level 1 spell: Animate Skeleton
  2523 | D:3      | Learned a level 1 spell: Pain
  2764 | D:4      | Found a transporter.
  2765 | D:4      | Noticed Faeu's ghost (amateur MiFi)
  2799 | D:4      | Found a transporter.
  2945 | D:4      | Reached XP level 6. HP: 7/53 MP: 8/8
  3298 | D:4      | Noticed Pikel
  3347 | D:3      | Killed Pikel
  3348 | D:3      | Reached skill level 5 in Axes
  3348 | D:3      | Reached XP level 7. HP: 13/60 MP: 8/10
  3645 | D:4      | HP: 3/60 [orc/bolt of acid (31)]
  3647 | D:4      | Slain by an orc

Illustrated notes

Levels and vault maps discovered:
D:1:      minmay_arrival_three_doors, layout_loops_ring,
          ebering_ecumenical_altar_rust, minmay_hedge_maze,
          chequers_serial_rivers_micro_a, chequers_serial_rivers_room_a
D:2:      layout_rooms, kennysheep_generic_room_12
D:3:      layout_loops_ring, kennysheep_jessica_study
D:4:      layout_basic, lemuel_temple_firewalk_a, gammafunk_ghost_stat_death,
          eino_small_chamber_without_monster, uniq_pikel

Skill      XL: |  1  2  3  4  5  6 |
---------------+-------------------+-----
Invocations    | 1 2 |  2.9
Short Blades   | 1 2 |  2.6
Long Blades    | 1 2 |  2.6
Maces & Flails | 1 2 |  2.6
Polearms       | 1 2 |  2.6
Staves         | 1 2 |  2.6
Slings         | 1 2 |  2.6
Bows           | 1 2 |  2.6
Crossbows      | 1 2 |  2.6
Throwing       | 1 2 |  2.6
Dodging        | 1 2 |  2.6
Stealth        | 1 2 |  2.6
Unarmed Combat | 1 2 |  2.6
Spellcasting   | 1 2 |  2.6
Evocations     | 1 2 |  2.6
Conjurations   | 1 2 |  2.1
Hexes          | 1 2 |  2.1
Summonings     | 1 2 |  2.1
Necromancy     | 1 2 |  2.1
Translocations | 1 2 |  2.1
Transmutations | 1 2 |  2.1
Fire Magic     | 1 2 |  2.1
Ice Magic      | 1 2 |  2.1
Air Magic      | 1 2 |  2.1
Earth Magic    | 1 2 |  2.1
Poison Magic   | 1 2 |  2.1
Fighting       | 7 |  7.1
Axes           | 5 |  5.3
Armour         | 7 |  7.1
Shields        | 7 |  7.1

Action                   |  1- 3 |  4- 6 |  7- 9 || total
-------------------------+-------+-------+-------++-------
Melee: War axe           |   133 |   104 |       ||   237
       Bite              |     8 |     7 |     1 ||    16
       Mace              |       |    33 |     6 ||    39
  Use: Scroll            |     2 |       |       ||     2
       Potion            |     1 |     4 |       ||     5
 Stab: Invisible         |       |     1 |       ||     1
Armor: Scale mail        |    47 |    61 |       ||   108
       Skin              |       |    13 |       ||    13
Dodge: Dodged            |    52 |    67 |     4 ||   123
Block: Buckler           |    29 |    30 |       ||    59
